cohdb
Replays
Latest Replays
All Replays
Popular Replays
Top Player Replays
Match Explorer
How It Works
Community
CoH3 Stats
Reddit
Sign in to upload your games and track your stats! →
Sign in with Steam
Match 45786946
Unlisted
Match 45786946
Overview
Messages
Build Orders
End
Selects Australian Defense Battlegroup
Selects Australian Light Infantry Section
Australian Light Infantry Section
Construct Section Command Post
Dingo Light Scout Car
Infantry Section
Infantry Section
Construct Platoon Command Post
Humber Armored Car
Humber Armored Car
Selects 2-pounder Anti-tank Gun Team
Construct Field Infirmary
2-pounder Anti-tank Gun Team
Infantry Section
Construct Company Command Post
Crusader II Medium Tank
Crusader II Medium Tank
Armored Vehicle Training
6-pounder Anti-tank Gun Team
Crusader II Medium Tank
AI Takeover
UMirinBrah?
Ghost
Eilte
Quack
0
0
Comments
sign in to comment!
No comments posted yet!